 Dungeon Crawl Stone Soup version 0.31-a0-180-g519b7de00c (webtiles) character file.

Game seed: 1443200379836252211

24 mopl the Magician (level 3, 0/21 HPs)
             Began as an Octopode Hedge Wizard on June 19, 2023.
             Slain by an adder (1 damage)
             ... on level 2 of the Dungeon.
             The game lasted 00:01:17 (570 turns).

mopl the Magician (Octopode Hedge Wizard)            Turns: 570, Time: 00:01:18

Health: 0/21       AC:  1    Str:  9    XL:     3   Next: 2%
Magic:  5/7        EV: 13    Int: 18    God:
Gold:   21         SH:  0    Dex: 11    Spells: 5/8 levels left

rFire   . . .        a - +0 dagger
rCold   . . .        (no shield)
rNeg    . . .        b - +0 hat
rPois   .            (no amulet)
rElec   .            (no ring)
rCorr   .            (no ring)
SInv    .            (no ring)
Will    .....        (no ring)
Stlth   +++          (no ring)
HPRegen 0.23/turn    (no ring)
MPRegen 0.10/turn    (no ring)
                     (no ring)

%: no passive effects
@: lethally poisoned (0 -> -13)
A: almost no armour, amphibious, 8 rings, camouflage 1, gelatinous body 1,
(nimble swimmer 1), tentacles
a: no special abilities


You were on level 2 of the Dungeon.
You visited 1 branch of the dungeon, and saw 2 of its levels.

You collected 21 gold pieces.

Inventory:

Hand Weapons
 a - a +0 dagger (weapon)
Armour
 b - a +0 hat (worn)
Scrolls
 d - 2 scrolls of enchant weapon {unknown}
 e - a scroll of teleportation {unknown}
 f - a scroll of silence {unknown}
Potions
 c - a potion of magic
 g - a potion of heal wounds {unknown}
 h - a potion of brilliance {unknown}
 i - a potion of invisibility {unknown}


   Skills:
 - Level 2.0 Dodging
 - Level 2.6 Stealth
 + Level 3.3 Spellcasting
 + Level 1.7 Conjurations
 - Level 1.0 Summonings
 + Level 1.7 Translocations


You had 5 spell levels left.
You knew the following spells:

 Your Spells              Type           Power      Damage    Failure   Level
a - Magic Dart            Conj           36%        1d4       8%          1
e - Blink                 Tloc           18%        N/A       12%         2

Your spell library contained the following spells:

 Spells                   Type           Power      Damage    Failure   Level
 Apportation              Tloc           18%        N/A       8%          1
 Slow                     Hex            8%         N/A       16%         1
 Call Imp                 Summ           12%        N/A       16%         2
 Cigotuvi's Dreadful Rot  Necr/Pois/Air  4%         N/A       24%         2
 Hailstorm                Conj/Ice       6%         3d4       32%         3
 Mephitic Cloud           Conj/Pois/Air  5%         N/A       36%         3
 Ice Form                 Ice/Tmut       2%         N/A       85%         4
 Alistair's Intoxication  Tmut/Pois      1%         N/A       99%         5
 Simulacrum               Ice/Necr       1%         N/A       100%        6


Dungeon Overview and Level Annotations

Branches:
Dungeon (2/15)

Altars:

Shops:
D:1 [(!


Innate Abilities, Weirdness & Mutations

You cannot wear most types of armour.
You are amphibious.
You can wear up to eight rings at the same time.
Your skin changes colour to match your surroundings (Stealth+).
Your rubbery body absorbs attacks. (AC +1, EV +1)
((You are camouflaged when in or above water. (Stealth+)))
You have tentacles for arms and can constrict up to eight enemies at once.


Message History

The worm is heavily wounded.
You constrict the worm. You hit the worm.
The worm is severely wounded.
You constrict the worm. The worm bites you.
You hit the worm but do no damage. You squeeze the worm.
You kill the worm!
The adder closely misses you.
You have reached level 3!
Your experience leads to an increase in your attributes!
Increase (S)trength, (I)ntelligence, or (D)exterity?
You feel clever. x2
You hit the adder but do no damage. Your grab misses the adder.
The adder bites you.
You are poisoned.
The adder poisons you!
You hit the adder but do no damage. You grab the adder.
You constrict the adder.
You feel sick. The adder bites you.
You are more poisoned.
The adder poisons you!
You hit the adder. Your squeeze misses the adder.
The adder is lightly wounded.
You constrict the adder.
You feel sick. The adder bites you.
You are lethally poisoned!
The adder poisons you! The adder barely misses you.
You barely miss the adder.
The adder is moderately wounded.
You constrict the adder.
You feel very sick. The adder bites you.
* * * LOW HITPOINT WARNING * * *
You are more poisoned.
The adder poisons you!
You hit the adder.
The adder is severely wounded.
You constrict the adder.
* * * LOW HITPOINT WARNING * * *
You feel very sick. The adder bites you.
You die...

.....<...#
.........#
..... ...##
...##...##
#.#.....##
#....<...#
#........#
#####..S.....#
.......@....##
####..†...(..#
#...........#
...##........#
.# #.......##
###....##
#.#### #.#


You could see an adder.

Vanquished Creatures
  A worm (D:2)
  A dart slug (D:1)
  4 endoplasms
  3 hobgoblins (D:1)
  A quokka (D:1)
  2 ball pythons (D:1)
  2 bats (D:1)
  2 frilled lizards (D:1)
  2 kobolds (D:1)
  A rat (D:1)
19 creatures vanquished.

Notes
Turn   | Place    | Note
-------+----------+-------------------------------------------
     0 | D:1      | mopl the Octopode Hedge Wizard began the quest for the Orb.
     0 | D:1      | Reached XP level 1. HP: 11/11 MP: 4/4
   118 | D:1      | Found Raoruad's Antique Weapon Shoppe.
   191 | D:1      | Found Daajur's Armour Shop.
   196 | D:1      | Reached XP level 2. HP: 17/17 MP: 6/6
   200 | D:1      | Learned a level 2 spell: Blink
   327 | D:1      | Found Topoem's Distillery.
   566 | D:2      | Reached XP level 3. HP: 19/21 MP: 5/7
   570 | D:2      | HP: 1/21 [poisoned by an adder]
   570 | D:2      | Slain by an adder

Illustrated notes

Levels and vault maps discovered:
D:1:      lemuel_arrival_tunnels, layout_basic, serial_shops, shop,
          nicolae_shop_crystal, nicolae_shop_industrial_runoff
D:2:      layout_rooms, minmay_tetromino_o2, uniq_natasha

Action                     || total
---------------------------++-------
  Melee: Dagger            ||    39
         Tentacles         ||     7
         Constrict         ||    10
   Cast: Magic Dart        ||    10
   Stab: Sleeping          ||     5
 Armour: Skin              ||     2
  Dodge: Dodged            ||    23

Table legend: (Time is in decaauts)
 A = Elapsed time spent in this place.
 B = Non-inter-level travel time spent in this place.
 C = Inter-level travel time spent in this place.
 D = Time resting spent in this place.
 E = Time spent auto-exploring this place.
 F = Levels seen in this place.
 G = Mean time per level.
                   A        B        C        D        E       F      G
               +--------+--------+--------+--------+--------+-----+--------+
         Total |    569 |    563 |      6 |      0 |    431 |   2 |  284.5 |
       Dungeon |    569 |    563 |      6 |      0 |    431 |   2 |  284.5 |
               +--------+--------+--------+--------+--------+-----+--------+

Top non-repeatable levels by time:
     D:1: 555 daAuts
     D:2: 14 daAuts
